 Dungeon Crawl Stone Soup version 0.16.2 (webtiles) character file.

7121 poirepourri the Covert (level 10, 0/53 HPs)
             Began as a Spriggan Assassin on Aug 13, 2015.
             Was a Priest of Okawaru.
             Succumbed to a big kobold's poison
             ... on level 10 of the Dungeon.
             The game lasted 00:54:07 (18241 turns).

poirepourri the Covert (Spriggan Assassin)         Turns: 18241, Time: 00:54:07

Health: 0/53       AC:  6    Str:  7    XL:     10   Next: 85%
Magic:  19/19      EV: 29    Int: 14    God:    Okawaru [***...]
Gold:   342        SH:  9    Dex: 22    Spells: 1 memorised, 8 levels left

rFire  x . .     SeeInvis +     b - +0 blowgun
rCold  + + .     Clarity  .     H - +2 robe {MR+}
rNeg   . . .     SustAb   .     w - +1 buckler
rPois  .         Gourm    .     (helmet restricted)
rElec  +         Spirit   .     d - +0 cloak
rCorr  .         Warding  .     (gloves unavailable)
rMut   .         Stasis   .     (boots unavailable)
MR     ++...                    (no amulet)
Stlth  ++++++....               A - ring "Clebyuf" {Ice rElec}
                                e - ring "Smag" {rC+ AC+1 Dex+2}

@: lethally poisoned (0 -> -14), about to teleport, short of breath, slowed,
quick, very resistant to hostile enchantments, very stealthy
A: unfitting armour, see invisible, herbivore 3, speed 3, slow metabolism 2
a: Heroism, Renounce Religion


You were on level 10 of the Dungeon.
You worshipped Okawaru.
Okawaru was most pleased with you.
You were hungry.

You visited 1 branch of the dungeon, and saw 10 of its levels.

You collected 598 gold pieces.
You spent 256 gold pieces at shops.

Inventory:

Hand weapons
 a - a +3 short sword of speed
 b - a +0 blowgun (weapon)
 k - a +2 dagger
 r - a +0 whip
Missiles
 f - 18 poisoned needles (quivered)
 x - 22 stones
 N - a curare-tipped needle
Armour
 c - a +1 robe
 d - a +0 cloak (worn)
 p - a +0 shield
 w - a +1 buckler (worn)
 H - a +2 robe of magic resistance (worn)
Rods
 K - a -1 rod of clouds (11/11)
   (You found it on level 10 of the Dungeon)
Jewellery
 e - the ring "Smag" (left hand) {rC+ AC+1 Dex+2}
   (You bought it in a shop on level 6 of the Dungeon)

   [ring of protection]

   It affects your AC (+1).
   It affects your dexterity (+2).
   It protects you from cold.
 A - the ring "Clebyuf" (right hand) {Ice rElec}
   (You found it on level 9 of the Dungeon)

   [ring of ice]

   It enhances your ice magic, and weakens your fire magic.
   It makes you vulnerable to fire.
   It protects you from cold.
   It insulates you from electricity.
 M - a cursed ring of loudness {unknown}
Magical devices
 n - a wand of confusion (48)
 s - a wand of paralysis (7)
 B - a wand of fire (0)
 D - a wand of fire (0)
 E - a wand of random effects (19)
 G - a wand of polymorph (0)
 J - a wand of digging (6)
Scrolls
 j - 5 scrolls of remove curse
 l - 2 scrolls of identify
 m - 3 scrolls of fog
 o - a scroll of teleportation
 y - a scroll of amnesia
 z - a scroll of random uselessness {unknown}
 L - a scroll of silence {unknown}
Potions
 i - a potion of mutation
 C - 2 potions of ambrosia
Books
 q - a Necronomicon {highlevel, unknown}

   This book is beyond your current level of understanding.

   Spells                             Type                      Level
   a - Haunt                          Necromancy/Summoning         7
   b - Borgnjor's Revivification      Necromancy                   8
   c - Death's Door                   Charms/Necromancy            8
   d - Necromutation                  Transmutation/Necromancy     8
 t - Kikubaaqudgha's Incunabulum of Stolen Souls
   (You found it on level 4 of the Dungeon)

   Spells                             Type                      Level
   a - Animate Skeleton               Necromancy                   1
 u - Sif Muna's Tome of Black Secrets
   (You found it on level 4 of the Dungeon)

   Spells                             Type                      Level
   a - Pain                           Necromancy                   1
 v - Vehumet's Handbook of Conjuration
   (You found it on level 4 of the Dungeon)

   Spells                             Type                      Level
   a - Magic Dart                     Conjuration                  1
 I - a book of Beasts

   Spells                             Type                      Level
   a - Summon Butterflies             Summoning                    1
   b - Call Canine Familiar           Summoning                    3
   c - Summon Ice Beast               Ice/Summoning                4
   d - Summon Mana Viper              Hexes/Summoning              5
   e - Monstrous Menagerie            Summoning                    6
   f - Summon Hydra                   Summoning                    7
Comestibles
 g - 4 bread rations
 h - 8 slices of pizza
 F - 12 fruits


   Skills:
 * Level 6.6 Fighting
 + Level 5.9 Short Blades
 + Level 9.9 Throwing
 + Level 10.3 Dodging
 + Level 11.7 Stealth
 + Level 3.2 Shields


You had 8 spell levels left.
You knew the following spells:

 Your Spells              Type           Power        Failure   Level  Hunger
a - Animate Skeleton      Necr           N/A          38%         1    ##.....


Dungeon Overview and Level Annotations

Branches:
Dungeon (10/15)            Temple (0/1) D:7
   Lair: D:8-11         Orc: D:9-12

Altars:
Cheibriados
Dithmenos
Elyvilon
Fedhas
Kikubaaqudgha
Nemelex Xobeh
Okawaru
Qazlal
Ru
Sif Muna
Vehumet
Xom
Zin
The Shining One

Shops:
D:5 [   D:6 *   D:8 :   D:9 [*[%

Annotations:
D:10 Sonja


Innate Abilities, Weirdness & Mutations

You are tiny and cannot use many weapons and most armour.
You have supernaturally acute eyesight.
You are a herbivore.
You cover ground extremely quickly.
You need consume almost no food.


Message History

* * * LOW HITPOINT WARNING * * *
You feel sick.
The big kobold hits you with a short sword of venom.
* * * LOW HITPOINT WARNING * * *
You are more poisoned.
The kobold shouts!
* * * LOW HITPOINT WARNING * * *
You feel sick.
The kobold shouts! x3
You hear a shout!
You block the kobold's attack.
Read which item? (? for menu, Esc to quit)
As you read the scroll of teleportation, it crumbles to dust.
You feel strangely unstable.
* * * LOW HITPOINT WARNING * * *
You feel very sick. The big kobold completely misses you.
The kobold closely misses you.
* * * LOW HITPOINT WARNING * * *
You feel sick.
You die...

#.<....## ##........#
#..#... #.......## (.
#... #......## . #...
#.....## #. #...
###.....# #.. #...##
##.......## ##...
......##.........###....
#...................#
##.@...#.........#
#...####........#..
##K## ##.......#..
#K.####...........
#KKK...............
..K.................
.....##...........####
....### #%.........# ...
##........##


You could see a big kobold and 5 kobolds.

Vanquished Creatures
  The ghost of hannobal the Zephyrmancer, a powerful TeAE of Ru (D:10)
  Psyche (D:10)
  2 trolls (D:9)
  8 yaks (D:9)
  2 hippogriffs
  A sky beast (D:9)
  An orc warrior (D:8)
  3 phantoms
  3 ice beasts
  5 ogres
  2 black bears
  2 centaurs
  Duvessa (D:7)
  A big kobold (D:9)
  4 giant frogs
  A gnoll sergeant (D:9)
  3 scorpions
  3 wights
  4 crimson imps
  A centaur zombie (D:6)
  Dowan (D:7)
  2 giant frog zombies
  5 goliath beetles
  9 hounds
  7 jellies
  4 orc priests
  2 centaur skeletons (D:9)
  8 orc wizards
  7 worker ants
  5 iguanas
  2 sheep (D:9)
  2 hound skeletons
  9 adders
  10 gnolls
  A giant mite (D:7)
  3 shadow imps
  5 worms
  An adder zombie (D:5)
  4 giant geckos
  An ooze (D:4)
  34 orcs
  A bat skeleton (D:4)
  A bat zombie (D:8)
  9 giant cockroaches
  17 goblins
  18 hobgoblins
  9 jackals
  6 quokkas
  2 ball pythons
  12 bats
  3 giant newts
  2 goblin skeletons (D:5)
  19 kobolds
  2 kobold zombies (D:5)
  2 orc zombies (D:5)
  14 rats
  4 ballistomycetes (D:10)
  2 plants (D:2)
294 creatures vanquished.

Vanquished Creatures (others)
  A hound (D:10)
  A worker ant (D:10)
  A bat skeleton (D:9)
  A giant spore (D:10)
  An orc skeleton (D:8)
  2 plants (D:7)
7 creatures vanquished.

Grand Total: 301 creatures vanquished

Notes
Turn   | Place    | Note
--------------------------------------------------------------
     0 | D:1      | poirepourri, the Spriggan Assassin, began the quest for the Orb.
     0 | D:1      | Reached XP level 1. HP: 10/10 MP: 2/2
    30 | D:1      | Reached skill level 6 in Stealth
   446 | D:1      | Reached XP level 2. HP: 15/15 MP: 4/4
  1025 | D:1      | Reached XP level 3. HP: 15/18 MP: 6/6
  1710 | D:2      | Reached skill level 7 in Stealth
  2431 | D:2      | Gained mutation: You are somewhat resistant to further mutation. [potion of beneficial mutation]
  2437 | D:2      | Lost mutation: You are somewhat resistant to further mutation. [potion of cure mutation]
  2866 | D:3      | Reached XP level 4. HP: 21/23 MP: 8/8
  3303 | D:3      | Noticed a black bear
  3321 | D:3      | Killed a black bear
  3321 | D:3      | Reached XP level 5. HP: 27/27 MP: 10/10
  3383 | D:3      | HP: 1/27 [orc priest/divine providence (14)]
  4515 | D:4      | Noticed an ogre
  4528 | D:4      | Killed an ogre
  4528 | D:4      | Reached skill level 8 in Stealth
  4528 | D:4      | Reached XP level 6. HP: 32/32 MP: 12/12
  4540 | D:4      | Noticed an ogre
  4552 | D:4      | Killed an ogre
  4744 | D:4      | Found an ancient bone altar of Kikubaaqudgha.
  4748 | D:4      | Identified Kikubaaqudgha's Incunabulum of Stolen Souls
  4752 | D:4      | Found a deep blue altar of Sif Muna.
  4756 | D:4      | Identified Sif Muna's Tome of Black Secrets
  4760 | D:4      | Found a radiant altar of Vehumet.
  4764 | D:4      | Identified Vehumet's Handbook of Conjuration
  4850 | D:4      | Reached skill level 5 in Throwing
  4956 | D:4      | Found a sacrificial altar of Ru.
  5450 | D:4      | Reached XP level 7. HP: 36/36 MP: 14/14
  5720 | D:4      | Learned a level 1 spell: Animate Skeleton
  5782 | D:4      | Noticed a phantom
  5801 | D:4      | Killed a phantom
  5801 | D:4      | Reached skill level 9 in Stealth
  5989 | D:4      | Found a glowing silver altar of Zin.
  6309 | D:5      | Entered Level 5 of the Dungeon
  6499 | D:5      | Found a glowing golden altar of the Shining One.
  6566 | D:5      | Found a white marble altar of Elyvilon.
  6569 | D:5      | Found a sparkling altar of Nemelex Xobeh.
  7429 | D:5      | Found Deschik's Antique Armour Boutique.
  7454 | D:5      | Found a snail-covered altar of Cheibriados.
  7497 | D:5      | Reached XP level 8. HP: 42/42 MP: 16/16
  7842 | D:5      | Found a stormy altar of Qazlal.
  7894 | D:5      | Found a shadowy altar of Dithmenos.
  8602 | D:5      | HP: 2/42 [wight/great sword (18)]
  8898 | D:6      | Reached skill level 10 in Stealth
  8948 | D:5      | Reached skill level 5 in Dodging
  9808 | D:6      | Reached skill level 1 in Shields
  9996 | D:6      | Found Eta Salu's Assorted Antiques.
 10002 | D:6      | Bought a serpentine amber ring for 160 gold pieces
 10002 | D:6      | Bought a scroll of teleportation for 96 gold pieces
 11547 | D:7      | Found a blossoming altar of Fedhas.
 11603 | D:7      | Reached XP level 9. HP: 33/46 MP: 18/18
 12027 | D:7      | Noticed Dowan
 12186 | D:7      | Noticed Duvessa
 12210 | D:7      | Killed Dowan
 12559 | D:7      | Killed Duvessa
 12696 | D:7      | Found an iron altar of Okawaru.
 12730 | D:7      | Became a worshipper of Warmaster Okawaru
 12974 | D:7      | Found a staircase to the Ecumenical Temple.
 13174 | D:7      | Reached skill level 5 in Fighting
 14017 | D:8      | Reached skill level 5 in Short Blades
 14684 | D:8      | Found Capaaxit's Book Boutique.
 15019 | D:8      | Identified the ring "Smag" {rC+ AC+1 Dex+2} (You bought it in a shop on level 6 of the Dungeon)
 15182 | D:9      | Found Umap's Food Shop.
 15188 | D:9      | Got a flickering jade ring
 15200 | D:9      | Reached skill level 11 in Stealth
 15369 | D:9      | Acquired Okawaru's first power
 15385 | D:9      | Found Weizugor's General Store.
 15431 | D:9      | Found Ycrairay's Armour Boutique.
 15434 | D:9      | Identified the ring "Clebyuf" {Ice rElec} (You found it on level 9 of the Dungeon)
 15628 | D:9      | Reached XP level 10. HP: 34/51 MP: 19/19
 15959 | D:9      | Found Equis' Antique Armour Shop.
 16937 | D:9      | Noticed a three-headed hydra
 17298 | D:10     | Entered Level 10 of the Dungeon
 17450 | D:10     | Noticed Psyche
 17478 | D:10     | Killed Psyche
 17764 | D:10     | Noticed hannobal's ghost (powerful TeAE)
 17798 | D:10     | Found a shimmering altar of Xom.
 17874 | D:10     | Killed hannobal's ghost
 17874 | D:10     | Reached skill level 10 in Dodging
 18215 | D:10     | Noticed Sonja
 18239 | D:10     | HP: 2/53 [poisoned by a big kobold]
 18241 | D:10     | Succumbed to a big kobold's poison

Action                   |  1- 3 |  4- 6 |  7- 9 | 10-12 || total
-------------------------+-------+-------+-------+-------++-------
Melee: Short sword       |   168 |    31 |   545 |   203 ||   947
       Blowgun           |     1 |       |     1 |       ||     2
       Unarmed           |       |       |       |     3 ||     3
 Fire: Blowgun           |    49 |   103 |   240 |    90 ||   482
Throw: Stone             |       |       |     8 |       ||     8
 Cast: Animate Skeleton  |       |       |     2 |     1 ||     3
Invok: Heroism           |       |       |       |     2 ||     2
Evoke: Wand              |       |       |       |     8 ||     8
  Use: Scroll            |     6 |     1 |    13 |     4 ||    24
       Potion            |     4 |     2 |    10 |     2 ||    18
 Stab: Sleeping          |    12 |    19 |    31 |     5 ||    67
       Distracted        |       |     2 |     7 |       ||     9
       Invisible         |       |       |       |     3 ||     3
       Confused          |       |       |       |     1 ||     1
  Eat: Fruit             |       |     3 |     1 |       ||     4
       Bread ration      |       |       |     2 |       ||     2
